 Dungeon Sprint DCSS version 0.22.1-1-ga44c0e56f4 (webtiles) character file.

862 MuseOD the Impaler (level 8, 0/114 HPs)
             Began as a Merfolk Berserker on Oct 7, 2018.
             Was an Elder of Trog.
             Slain by a tyrant leech (31 damage)
             ... in the Dungeon (Sprint II: "The Violet Keep of Menkaure").
             The game lasted 00:01:36 (294 turns).

MuseOD the Impaler (Merfolk Berserker)               Turns: 294, Time: 00:01:37

Health: 0/114      AC:  2    Str: 25    XL:     8   Next: 2%
Magic:  8/8        EV: 16    Int:  6    God:    Trog [****..]
Gold:   486        SH:  0    Dex: 13    Spells: 7/7 levels left

rFire    . . .     SeeInvis .   a - +0 spear
rCold    . . .     Gourm    .   (no shield)
rNeg     . . .     Faith    .   b - +0 animal skin
rPois    .         Spirit   .   (no helmet)
rElec    .         Reflect  .   (no cloak)
rCorr    .         Harm     .   (no gloves)
MR       .....     NoTele   +   (no boots)
Stlth    ..........             (no amulet)
HPRegen  0.29/turn              (no ring)
MPRegen  0.11/turn              (no ring)

@: berserking, starving, very quick
A: change form in water, swift swim, stealthy swim
a: Berserk, Trog's Hand, Brothers in Arms, Renounce Religion


You were in the Dungeon.
You worshipped Trog.
Trog was greatly pleased with you.
You were starving.

You visited 1 branch You collected 486 gold pieces.

Inventory:

Hand Weapons
 a - a +0 spear (weapon)
Armour
 b - a +0 animal skin (worn)
Scrolls
 i - a scroll of blinking
Potions
 d - a potion of curing
 f - a potion of haste
 g - 2 potions of magic
 h - a potion of berserk rage
Comestibles
 c - a ration
 j - 4 chunks of flesh


   Skills:
 + Level 11.9 Fighting
 + Level 15.0 Polearms
 + Level 4.2 Armour
 + Level 7.8 Dodging


You had 7 spell levels left.
You didn't know any spells.
Your spell library was empty.

Dungeon Overview and Level Annotations

Branches:
Dungeon (1/1)

Altars:
Cheibriados
Dithmenos
Elyvilon
Fedhas
Gozag
Hepliaklqana
Kikubaaqudgha
Makhleb
Nemelex Xobeh
Okawaru
Qazlal
Ru
Sif Muna
Trog
Uskayaw
Vehumet
Wu Jian
Xom
Yredelemnul
Zin
The Shining One
Beogh
Jiyva
Lugonu


Message History

The tyrant leech draws strength from your injuries!
You closely miss the tyrant leech.
The tyrant leech is moderately wounded.
You closely miss the tyrant leech.
The tyrant leech is moderately wounded.
You hit the tyrant leech.
The tyrant leech is moderately wounded.
You puncture the tyrant leech!
The tyrant leech is heavily wounded.
The tyrant leech closely misses you.
You closely miss the tyrant leech.
The tyrant leech is heavily wounded.
You puncture the tyrant leech!
The tyrant leech is heavily wounded.
You hit the tyrant leech.
The tyrant leech is severely wounded.
You hit the tyrant leech.
The tyrant leech is severely wounded.
The tyrant leech bites you!!
You die...

.#.
###≈≈.....≈#+########+### .
..#≈≈≈≈≈≈≈.§≈#....._..#≈§≈#
. $##≈§≈≈≈§§§.≈#...._._.#≈§≈
# #
##≈§§≈≈≈≈≈≈≈§#..._._._#§§§≈≈
≈≈≈§§≈≈§§≈≈≈≈#.._._._.#§§≈≈≈
+++#≈§§§≈§≈≈≈#._._._._#§§§≈≈
##≈≈§###≈§#_._._._.#§≈≈§
#≈§#._._._._#t≈§§§
#§≈#@w_._...#t§≈§▓
≈≈§≈≈§##########§§§≈▓
#######≈≈≈≈≈≈≈≈≈≈≈§≈▓
§§§§###≈########≈▓▓▓▓
§≈§≈§##≈# ▓▓ 8§§≈§§+≈#
§§§≈≈#### §§≈≈#


You could see an ice statue and a tyrant leech.

Vanquished Creatures
  A merfolk siren (D)
  2 hippogriffs (D)
  Menkaure (D)
  4 necrophages (D)
  A crocodile (D)
9 creatures vanquished.

Notes
Turn   | Place    | Note
-------+----------+-------------------------------------------
     0 | D        | MuseOD the Merfolk Berserker began the quest for the Orb.
     0 | D        | Reached XP level 1. HP: 18/18 MP: 1/1
     1 | D        | Noticed a necrophage
     1 | D        | Noticed a necrophage
     1 | D        | Noticed a necrophage
     1 | D        | Noticed a necrophage
     9 | D        | Killed a necrophage
     9 | D        | Reached skill level 8 in Polearms
     9 | D        | Reached XP level 2. HP: 26/29 MP: 2/2
     9 | D        | Reached XP level 3. HP: 31/35 MP: 3/3
     9 | D        | Reached XP level 4. HP: 37/41 MP: 4/4
    21 | D        | Killed a necrophage
    21 | D        | Reached skill level 10 in Polearms
    21 | D        | Reached skill level 5 in Dodging
    21 | D        | Reached XP level 5. HP: 44/50 MP: 5/5
    28 | D        | Killed a necrophage
    28 | D        | Reached ** piety under Trog
    28 | D        | Reached skill level 11 in Polearms
    28 | D        | Reached XP level 6. HP: 51/58 MP: 6/6
    34 | D        | Killed a necrophage
    34 | D        | Reached skill level 12 in Polearms
   147 | D        | Noticed a hippogriff
   147 | D        | Noticed a hippogriff
   154 | D        | Killed a hippogriff
   154 | D        | Reached skill level 10 in Fighting
   154 | D        | Reached skill level 13 in Polearms
   154 | D        | Reached XP level 7. HP: 67/67 MP: 7/7
   159 | D        | Killed a hippogriff
   159 | D        | Reached *** piety under Trog
   159 | D        | Reached skill level 14 in Polearms
   164 | D        | Noticed a merfolk siren
   164 | D        | Noticed Menkaure
   196 | D        | Killed a merfolk siren
   197 | D        | Killed Menkaure
   197 | D        | Reached **** piety under Trog
   234 | D        | Reached skill level 15 in Polearms
   234 | D        | Reached XP level 8. HP: 56/76 MP: 8/8
   241 | D        | Noticed a tyrant leech
   241 | D        | Noticed a tyrant leech
   259 | D        | Found a blossoming altar of Fedhas.
   259 | D        | Found an opulent altar of Gozag.
   260 | D        | Found a white marble altar of Elyvilon.
   260 | D        | Found a burning altar of Makhleb.
   261 | D        | Found a shadowy altar of Dithmenos.
   261 | D        | Found a corrupted altar of Lugonu.
   262 | D        | Found a snail-covered altar of Cheibriados.
   262 | D        | Found an ancient bone altar of Kikubaaqudgha.
   262 | D        | Found a bloodstained altar of Trog.
   263 | D        | Found a roughly hewn altar of Beogh.
   263 | D        | Found a viscous altar of Jiyva.
   263 | D        | Found a deep blue altar of Sif Muna.
   264 | D        | Found a hazy altar of Hepliaklqana.
   264 | D        | Found a sacrificial altar of Ru.
   265 | D        | Found a shimmering altar of Xom.
   266 | D        | Found a stormy altar of Qazlal.
   266 | D        | Found an ornate altar of the Wu Jian Council.
   266 | D        | Found a sparkling altar of Nemelex Xobeh.
   266 | D        | Found a hide-covered altar of Uskayaw.
   266 | D        | Found a basalt altar of Yredelemnul.
   266 | D        | Found a glowing golden altar of the Shining One.
   267 | D        | Found a radiant altar of Vehumet.
   267 | D        | Found an iron altar of Okawaru.
   267 | D        | Found a glowing silver altar of Zin.
   279 | D        | Noticed an ice statue
   294 | D        | Slain by a tyrant leech

Skill      XL: |  1  2  3  4  5  6  7 |
---------------+----------------------+-----
Fighting       | 6 8 9 10 11 | 11.9
Polearms       | 8 10 11 13 15 | 15.0
Armour         | 2 3 4 |  4.2
Dodging        | 4 5 6 7 |  7.8

Action                   |  1- 3 |  4- 6 |  7- 9 || total
-------------------------+-------+-------+-------++-------
Melee: Spear             |     7 |    31 |    35 ||    73
Invok: Berserk           |     1 |     1 |     2 ||     4
       Trog's Hand       |       |       |     1 ||     1
  Use: Potion            |       |       |     1 ||     1
Armor: Animal skin       |       |     1 |       ||     1
Dodge: Dodged            |     1 |     5 |     8 ||    14
